 Dungeon Crawl Stone Soup version 0.31-a0-1042-ga9834b393d (webtiles) character file.

Game seed: 12321837660496333424

4677 Voidaemon the Fighter (level 10, -7/83 HPs)
             Began as a Demonspawn Berserker on Nov 21, 2023.
             Was a High Priest of Trog.
             Killed from afar by an electric eel (8 damage)
             ... with a bolt of electricity
             ... on level 9 of the Dungeon.
             The game lasted 00:45:52 (6394 turns).

Voidaemon the Fighter (Demonspawn Berserker)        Turns: 6394, Time: 00:45:53

Health: -7/83      AC: 15    Str: 27    XL:     10   Next: 21%
Magic:  15/15      EV:  7    Int:  7    God:    Trog [*****.]
Gold:   391        SH:  7    Dex: 11    Spells: 9/9 levels left

rFire   + . .        p - +0 broad axe (elec)
rCold   . . .        H - +0 kite shield
rNeg    . . .        d - +0 plate armour
rPois   .            (helmet restricted)
rElec   .            (no cloak)
rCorr   .            r - +0 pair of gloves
SInv    .            (no boots)
Will    ++...        e - amulet of regeneration Stlth
                     (no ring)
HPRegen 2.13/turn    (no ring)
MPRegen 0.14/turn

%: no passive effects
@: strong-willed (expiring), on berserk cooldown, regenerating (expiring),
slowed, very slow
A: horns 2, molten scales 1, ignite blood 2, spiny 1, fire resistance 1, strong
1
a: Renounce Religion, Berserk, Trog's Hand, Brothers in Arms


You were on level 9 of the Dungeon.
You worshipped Trog.
Trog was extremely pleased with you.
You visited 1 branch of the dungeon, and saw 9 of its levels.

You collected 391 gold pieces.

Inventory:

Hand Weapons
 a - a +0 hand axe of venom
 j - a +1 spear of flaming
 l - a +1 dagger of protection
 m - a +2 hand axe of electrocution
 p - a +0 broad axe of electrocution (weapon)
 t - a +0 halberd
 x - a +1 falchion of protection
 z - a +2 flail of protection
 A - a +0 heavy war axe
 D - a +0 orcbow
 E - a +0 arbalest
Armour
 b - a +0 animal skin
 c - a +0 chain mail
 d - a +0 plate armour (worn)
 h - a +0 helmet
 k - the +0 leather armour of the Alphagorgon {Regen+}
   (You found it on level 2 of the Dungeon)

   Regen+:    It increases your rate of health regeneration.
 q - a +0 buckler
 r - a +0 pair of gloves (worn)
 H - a +0 kite shield (worn)
Jewellery
 e - an amulet of regeneration (around neck)
 y - an amulet of magic regeneration
Wands
 u - a wand of flame (24)
 w - a wand of charming (9)
Scrolls
 g - 2 scrolls of fog
 i - 7 scrolls of teleportation
 v - a scroll of vulnerability
 B - 3 scrolls of fear
 C - a scroll of blinking
 I - a scroll of identify
Potions
 f - 2 potions of heal wounds
 n - 2 potions of cancellation
 o - 4 potions of curing
 s - a potion of enlightenment
 F - a potion of lignification
 G - a potion of haste


   Skills:
 * Level 9.2 Fighting
 * Level 7.5 Axes
 - Level 5.8 Armour
 - Level 4.2 Dodging
 + Level 7.8 Invocations


You had 9 spell levels left.
You didn't know any spells.
Your spell library was empty.

Dungeon Overview and Level Annotations

Branches:
Dungeon (9/15)             Temple (0/1) D:6            Lair (0/5) D:8
    Orc: D:9-12

Altars:
Ashenzari
Dithmenos
Fedhas
Qazlal
Uskayaw
Xom
Yredelemnul

Shops:
D:6 :   D:7 (

Annotations:
D:8 1 runed translucent door, eyesofgods1's ghost, journeyman DjCj


Innate Abilities, Weirdness & Mutations

You have a pair of horns on your head.
You are partially covered in molten scales. (AC +2)
Your demonic aura often causes spilled blood to erupt in flames.
You are partially covered in sharp spines.
Your flesh is heat resistant. (rF+)
Your muscles are strong. (Str +4, Int/Dex -1)


Message History

You kill the gnoll!
Trog accepts your kill.
You hear a splash.
You slash the plant! You slice the plant!! You slash the plant!
The plant begins to die.
You are no longer berserk.
You are exhausted.
You feel yourself slow down.
A nearby plant withers and dies.
The electric eel shoots out a bolt of lightning at you!
The bolt of electricity hits you!
* * * LOW HITPOINT WARNING * * *
The bolt of electricity hits the plant!
You feel much better.
A nearby plant withers and dies. x3
The electric eel shoots out a bolt of lightning at you!
The bolt of electricity hits you!
Your skin crawls.
You feel strong-willed.
The electric eel shoots out a bolt of lightning at you!
The bolt of electricity hits you.
* * * LOW HITPOINT WARNING * * *
The electric eel shoots out a bolt of lightning at you!
The bolt of electricity hits you.
* * * LOW HITPOINT WARNING * * *
A nearby plant withers and dies.
The electric eel shoots out a bolt of lightning at you!
The bolt of electricity misses you.
The electric eel shoots out a bolt of lightning at you!
The bolt of electricity hits you!
* * * LOW HITPOINT WARNING * * *
You feel the effects of Trog's Hand fading.
The electric eel shoots out a bolt of lightning at you!
The bolt of electricity hits the plant!
The plant begins to die.
The bolt of electricity hits you.
* * * LOW HITPOINT WARNING * * *
The electric eel shoots out a bolt of lightning at you!
The bolt of electricity hits the plant!
The bolt of electricity hits you!
* * * LOW HITPOINT WARNING * * *
The electric eel shoots out a bolt of lightning at you!
The bolt of electricity hits you!
You die...

..~♣~♣. ##~
P.P.~♣.#+#.♣♣♣
............~♣♣
..........).<~♣
.P........†#♣♣
#.........).♣
#..~♣♣~~)..~♣♣♣~P
..~~P~~)~♣~~~~~~~
#~P~~P)~~@S≈~~~PP
♣PP~~~~P~P~~~≈~~~
.................
~~~P~~~~S~~~~~~~~
~~~~~~~♣♣♣♣~~~~♣♣
#~~~~~~ ~♣♣♣♣
#.~♣♣♣~ .♣ ..


You could see 2 electric eels.

Vanquished Creatures
  A hornet (D:8)
  Grum (D:9)
  Eustachio (D:5)
  2 steam dragons
  An acid dragon (D:9)
  Duvessa (D:5)
  2 water moccasins
  An orc warrior (D:4)
  2 ice beasts
  3 sky beasts
  A black bear (D:7)
  An ogre (D:5)
  2 wolves (D:9)
  A centaur (D:6)
  2 kobold brigands
  2 bullfrogs
  Blork the orc (D:5)
  3 gnoll sergeants
  2 wyvern zombies (D:7)
  Dowan (D:5)
  5 wights (D:8)
  6 killer bees (D:7)
  3 howler monkeys
  4 centaur zombies (D:7)
  A bullfrog zombie (D:7)
  5 orc priests
  3 hounds
  2 jellies
  4 iguanas
  9 orc wizards
  A killer bee zombie (D:7)
  Robin (D:3)
  13 gnolls
  11 adders
  2 shadow imps
  A white imp (D:5)
  6 worms
  3 dart slugs
  29 orcs
  12 ball pythons
  5 endoplasms
  3 giant cockroaches
  14 goblins
  7 hobgoblins
  2 quokkas
  2 bats (D:1)
  6 frilled lizards
  18 kobolds
  8 rats
217 creatures vanquished.

Vanquished Creatures (others)
  An orc wizard (D:4)
1 creature vanquished.

Grand Total: 218 creatures vanquished

Notes
Turn   | Place    | Note
-------+----------+-------------------------------------------
     0 | D:1      | Voidaemon the Demonspawn Berserker began the quest for the
                  | Orb.
     0 | D:1      | Reached XP level 1. HP: 18/18 MP: 1/1
   139 | D:1      | Gained mutation: Your demonic aura sometimes causes spilled
                  | blood to erupt in flames. [demonic ancestry]
   139 | D:1      | Reached XP level 2. HP: 24/24 MP: 2/2
   419 | D:1      | Reached ** piety under Trog
   867 | D:2      | Identified the +0 leather armour of the Alphagorgon
                  | {Regen+}
  1107 | D:2      | Gained mutation: You are partially covered in molten
                  | scales. (AC +2) [demonic ancestry]
  1107 | D:2      | Reached XP level 3. HP: 21/29 MP: 3/3
  1113 | D:2      | Reached skill level 1 in Invocations
  1662 | D:3      | Found a blossoming altar of Fedhas.
  1662 | D:3      | Noticed Robin
  1662 | D:3      | Noticed a bullfrog
  1666 | D:3      | Gained mutation: You are partially covered in sharp spines.
                  | [demonic ancestry]
  1666 | D:3      | Reached XP level 4. HP: 36/36 MP: 5/5
  1672 | D:3      | Killed a bullfrog
  1673 | D:3      | Reached XP level 5. HP: 42/42 MP: 6/6
  1679 | D:3      | Reached skill level 4 in Fighting
  1692 | D:3      | Killed Robin
  1692 | D:3      | Reached *** piety under Trog
  1782 | D:3      | Found a faded altar of an unknown god.
  2571 | D:4      | Gained mutation: You have a pair of small horns on your
                  | head. [demonic ancestry]
  2571 | D:4      | Reached XP level 6. HP: 44/49 MP: 6/8
  2603 | D:4      | Noticed an orc warrior
  2631 | D:4      | Killed an orc warrior
  2957 | D:4      | Found a stormy altar of Qazlal.
  2973 | D:4      | Reached XP level 7. HP: 52/55 MP: 9/9
  3047 | D:4      | Reached **** piety under Trog
  3073 | D:4      | Reached skill level 5 in Fighting
  3196 | D:4      | Gained mutation: Your flesh is heat resistant. (rF+)
                  | [potion of mutation]
  3196 | D:4      | Gained mutation: Your muscles are strong. (Str +4, Int/Dex
                  | -1) [potion of mutation]
  3236 | D:5      | Entered Level 5 of the Dungeon
  3236 | D:5      | Noticed Eustachio
  3238 | D:5      | Noticed Blork the orc
  3242 | D:5      | Killed Eustachio
  3245 | D:5      | Killed Blork the orc
  3325 | D:5      | Noticed a steam dragon
  3332 | D:5      | Killed a steam dragon
  3391 | D:5      | Gained mutation: Your demonic aura often causes spilled
                  | blood to erupt in flames. [demonic ancestry]
  3391 | D:5      | Reached XP level 8. HP: 37/64 MP: 11/11
  3599 | D:5      | Reached skill level 5 in Armour
  3620 | D:5      | Noticed Duvessa
  3622 | D:5      | Noticed Dowan
  3625 | D:5      | Killed Duvessa
  3626 | D:5      | Reached skill level 6 in Fighting
  3630 | D:5      | Killed Dowan
  3756 | D:6      | Found Juvokad's Book Shoppe.
  3803 | D:6      | Found a staircase to the Ecumenical Temple.
  3897 | D:6      | Reached skill level 5 in Invocations
  3927 | D:6      | Found a hide-covered altar of Uskayaw.
  3927 | D:6      | Found a shimmering altar of Xom.
  4554 | D:7      | Found Lizufor's Weapon Boutique.
  4562 | D:7      | Reached skill level 5 in Axes
  4585 | D:7      | Reached skill level 7 in Fighting
  4585 | D:7      | Gained mutation: You have a pair of horns on your head.
                  | [demonic ancestry]
  4585 | D:7      | Reached XP level 9. HP: 72/72 MP: 13/13
  4664 | D:7      | Found a basalt altar of Yredelemnul.
  5048 | D:7      | Found a shadowy altar of Dithmenos.
  5333 | D:7      | Reached skill level 8 in Fighting
  5685 | D:8      | Found a broken altar of Ashenzari.
  5815 | D:8      | Reached ***** piety under Trog
  5856 | D:8      | Reached XP level 10. HP: 28/82 MP: 15/15
  5942 | D:8      | Found a staircase to the Lair.
  5999 | D:8      | Found a runed translucent door.
  6005 | D:8      | Noticed eyesofgods1's ghost (journeyman DjCj)
  6033 | D:8      | Reached skill level 9 in Fighting
  6368 | D:9      | Noticed Grum
  6384 | D:9      | Killed Grum
  6394 | D:9      | HP: 1/83 [electric eel/bolt of electricity (15)]
  6394 | D:9      | Killed from afar by an electric eel

Illustrated notes

Levels and vault maps discovered:
D:1:      psy_arrival_dodecagon, layout_basic
D:2:      layout_basic
D:3:      layout_loops_ring, mainiacjoe_overflow_cross_hatched,
          shapermc_ecumenical_altar_starsandcircs, uniq_robin
D:4:      layout_layer_cave, grunt_qazlal_clouds
D:5:      layout_cave_pools, uniq_duvessa, uniq_eustachio, uniq_blork_the_orc
D:6:      layout_basic, mainiacjoe_overflow_divided_tiny,
          minmay_temple_entry_grid, serial_shops, nicolae_book_shop_shelving
D:7:      layout_gridville, marbit_many_paths, mainiacjoe_overflow_paths,
          nicolae_yredelemnul_corpse_copse, serial_shops, nicolae_stop_n_shop_1,
          hangedman_decor_slide_cut
D:8:      layout_basic, mainiacjoe_overflow_alcove_1, dpeg_oklobed_lair,
          hellmonk_ghost_happy_afterlife
D:9:      layout_basic, tgw_kikubaaqudgha, david_orc_2, serial_bayou,
          serial_bayou_crossing, serial_bayou_pond_a, serial_bayou_lagoon_b,
          serial_bayou_ford_a, palyth_stone_intersect,
          minmay_misc_feat_four_crosses, uniq_grum

Skill      XL: |  1  2  3  4  5  6  7  8  9 10 |
---------------+-------------------------------+-----
Armour         | 2 3 4 5 |  5.8
Dodging        | 2 3 4 |  4.2
Invocations    | 1 2 3 4 5 7 |  7.8
Axes           | 3 4 5 7 |  7.5
Fighting       | 4 5 7 8 9 |  9.2

Action                     |  1- 3 |  4- 6 |  7- 9 | 10-12 || total
---------------------------+-------+-------+-------+-------++-------
  Melee: Hand axe          |   132 |   111 |     5 |       ||   248
         Punch             |     2 |       |       |       ||     2
         Headbutt          |       |     3 |    32 |     3 ||    38
         War axe           |       |       |    19 |       ||    19
         Flail             |       |       |     2 |       ||     2
         Broad axe         |       |       |   155 |    28 ||   183
 Invoke: Berserk           |       |     2 |     3 |     1 ||     6
         Trog's Hand       |       |       |     1 |     1 ||     2
    Use: Potion            |     4 |       |     3 |     1 ||     8
         Scroll            |     5 |       |     8 |     1 ||    14
 Armour: Animal skin       |    32 |       |       |       ||    32
         Leather armour    |    35 |       |       |       ||    35
         Chain mail        |    17 |    71 |   157 |       ||   245
         Plate armour      |       |       |    53 |    38 ||    91
  Dodge: Dodged            |    72 |    27 |   106 |    10 ||   215
  Block: Buckler           |       |     9 |    39 |       ||    48
         Kite shield       |       |       |       |     8 ||     8

Table legend: (Time is in decaauts)
 A = Elapsed time spent in this place.
 B = Non-inter-level travel time spent in this place.
 C = Inter-level travel time spent in this place.
 D = Time resting spent in this place.
 E = Time spent auto-exploring this place.
 F = Levels seen in this place.
 G = Mean time per level.
                   A        B        C        D        E       F      G
               +--------+--------+--------+--------+--------+-----+--------+
         Total |   6556 |   6158 |    398 |     26 |   4801 |   9 |  728.4 |
       Dungeon |   6556 |   6158 |    398 |     26 |   4801 |   9 |  728.4 |
               +--------+--------+--------+--------+--------+-----+--------+

Top non-repeatable levels by time:
     D:7: 956 daAuts
     D:8: 910 daAuts
     D:1: 874 daAuts
     D:3: 863 daAuts
     D:6: 829 daAuts
     D:2: 806 daAuts
     D:4: 741 daAuts
     D:5: 549 daAuts
     D:9: 25 daAuts
